 Seeded DCSS version 0.31-a0-75-g6fe912e8c5 (webtiles) character file.

Game seed: 12735965570273765983 (custom seed)

11274 Pimp the Fighter (level 12, -7/96 HPs)
             Began as a Djinni Fire Elementalist on May 23, 2023.
             Was an Elder of Makhleb.
             Mangled by a large slime creature (25 damage)
             ... on level 12 of the Dungeon.
             The game lasted 00:49:39 (9147 turns).

Pimp the Fighter (Djinni Fire Elementalist)         Turns: 9147, Time: 00:49:39

Health: -7/96      AC:  7    Str:  6    XL:     12   Next: 5%
Gold:   947        EV: 20    Int: 19    God:    Makhleb [****..] SH:  0 Dex: 20

rFire   + + +        (no weapon)
rCold   + . .        (no shield)
rNeg    . . .        G - +0 troll leather armour
rPois   ∞            I - +1 helmet
rElec   +            (no cloak)
rCorr   +            f - +0 pair of gloves
SInv    +            (boots unavailable)
Will    +....        b - amulet "Koluij" {Fly rElec Regen+}
Stlth   ++           k - +5 ring of evasion
HPRegen 1.96/turn    F - ring of protection from cold
MPRegen 0.00/turn

%: infuse magic (-8 HP)
@: resistant, flying, hasted, studying 3 skills, very quick
A: sickness immunity, fire resistance 2, cold vulnerability 1, float, innate
caster, HP casting, extra vitality 1, see invisible, agile 1, sense surroundings
1, noise suppression
a: Renounce Religion, Minor Destruction, Lesser Servant of Makhleb, Major
Destruction


You were on level 12 of the Dungeon.
You worshipped Makhleb.
Makhleb was greatly pleased with you.
You visited 2 branches of the dungeon, and saw 13 of its levels.
You also visited: Ossuary.

You collected 947 gold pieces.

Inventory:

Hand Weapons
 K - a +1 scimitar of flaming
Missiles
 N - 2 throwing nets
Armour
 a - a +0 robe
 f - a +0 pair of gloves (worn)
 G - a +0 troll leather armour (worn)
 H - +0 steam dragon scales
 I - a +1 helmet (worn)
Jewellery
 b - the amulet "Koluij" (around neck) {Fly rElec Regen+}
   (You acquired it on level 1 of the Dungeon)

   [amulet of regeneration]

   rElec:     It insulates you from electricity.
   Fly:       It grants you flight.
   Regen:     It increases your rate of health regeneration.
 k - a +5 ring of evasion (left hand)
 n - an amulet of the acrobat
 C - a +6 ring of strength
 D - a +4 ring of slaying
 F - a ring of protection from cold (right hand)
 M - a ring of protection from fire
 P - an amulet of faith
Wands
 z - a wand of light (19)
 A - a wand of paralysis (11)
 J - a wand of iceblast (7)
 L - a wand of flame (34)
 O - a wand of polymorph (4)
Scrolls
 c - 2 scrolls of identify
 m - 3 scrolls of amnesia
 o - 4 scrolls of immolation
 p - 3 scrolls of blinking
 s - a scroll of fear
 t - a scroll of torment
 v - a scroll of fog
 y - a scroll of enchant weapon
 E - 3 scrolls of teleportation
Potions
 d - 9 potions of degeneration
 e - 6 potions of mutation
 g - 3 potions of attraction
 h - a potion of berserk rage
 i - 3 potions of curing
 j - 2 potions of brilliance {unknown}
 l - a potion of ambrosia
 q - a potion of resistance
 u - 2 potions of might {unknown}
 w - a potion of enlightenment {unknown}
 x - 3 potions of heal wounds
 B - 3 potions of cancellation


   Skills:
 + Level 12.3 Fighting
 + Level 6.8 Dodging
 - Level 2.0 Stealth
 + Level 9.6 Spellcasting
 + Level 11.1 Conjurations
 + Level 9.6 Hexes
 + Level 9.6 Summonings
 + Level 9.6 Necromancy
 + Level 9.6 Translocations
 + Level 9.6 Transmutations
 + Level 9.6 Fire Magic
 + Level 9.6 Ice Magic
 + Level 9.6 Air Magic
 + Level 9.6 Earth Magic
 + Level 9.6 Poison Magic


You knew the following spells:

 Your Spells              Type           Power      Damage    Failure   Level
a - Foxfire               Conj/Fire      100%       2x1d9     1%          1
b - Scorch                Fire           92%        2d9       1%          2
c - Volatile Blastmotes   Fire/Tloc      82%        2d16      1%          3
d - Inner Flame           Hex/Fire       41%        N/A       1%          3
e - Flame Wave            Conj/Fire      44%        2d11      2%          4
f - Kiss of Death         Conj/Necr      100%       2d13      1%          1
g - Momentum Strike       Conj/Tloc      88%        3d10      1%          2
h - Summon Guardian Gole  Hex/Summ       41%        N/A       1%          3
i - Petrify               Tmut/Erth      41%        N/A       3%          4
j - Yara's Violent Unrav  Hex/Tmut       20%        3d9       11%         5
Your spell library was empty.

Dungeon Overview and Level Annotations

Branches:
Dungeon (12/15)            Temple (1/1) D:5             Orc (0/2) D:9
Ossuary (visited)
   Lair: D:8-11

Altars:
Ashenzari
Dithmenos
Elyvilon
Fedhas
Gozag
Hepliaklqana
Makhleb
Nemelex Xobeh
Okawaru
Qazlal
Ru
Trog
Uskayaw
Wu Jian
Xom
Yredelemnul
Zin
The Shining One

Shops:
D:3 ?   D:4 =   D:10 [

Portals:
Abyss: D:8

Annotations:
D:6 2 runed translucent doors, LobsterGuardian's ghost, novice TrNe
D:8 2 transporters, snackwell's ghost, novice DjHW
D:11 3 runed translucent doors, Sobieck's ghost, journeyman DEVM


Innate Abilities, Weirdness & Mutations

You are immune to sickness and miasma.
You are immune to poison.
Your flesh is very heat resistant. (rF++)
You are vulnerable to cold. (rC-)
You float through the air rather than walking.
You learn spells naturally, not from books.
Your magical power is your life essence.
You have superior vitality. (+4 MHP)
You have supernaturally acute eyesight. (SInv)
You are agile. (Dex +4, Str/Int -1)
You passively map a small area around you.
You passively dampen the noise of your surroundings.


Message History

The large slime creature misses you.
The large slime creature completely misses your guardian golem.
Casting: Summon Guardian Golem (safe; 1% risk of failure)
Confirm with . or Enter, or press ? or * to list all spells.
Flames lash the large slime creature.
The large slime creature is lightly wounded.
The large slime creature's fire resistance burns away.
The large slime creature hits you!!
Casting: Scorch (safe; 1% risk of failure)
Confirm with . or Enter, or press ? or * to list all spells.
Flames lash the large slime creature.
The large slime creature is burned terribly!
The large slime creature is lightly wounded.
The large slime creature hits your guardian golem.
The large slime creature hits you!!
Casting: Scorch (safe; 1% risk of failure)
Confirm with . or Enter, or press ? or * to list all spells.
Flames lash the large slime creature.
The large slime creature is lightly wounded.
The large slime creature's fire resistance burns away.
The large slime creature hits your guardian golem!!
The large slime creature hits you!!
* * * LOW HITPOINT WARNING * * *
Your guardian golem overheats!
The large slime creature completely misses your guardian golem.
You feel much better. The large slime creature hits you!
The large slime creature hits your guardian golem but does no damage.
You feel protected.
The large slime creature is no longer more vulnerable to fire.
The large slime creature hits you!!
* * * LOW HITPOINT WARNING * * *
You feel yourself speed up.
The large slime creature hits your guardian golem!!
Your guardian golem disappears in a puff of smoke!
Your guardian golem explodes!
The fiery explosion engulfs the large slime creature!!! x2
The large slime creature is burned terribly!
The large slime creature is engulfed in blazing flames.
The large slime creature hits you!!
You die...

#.#
#..#####.###..##.#
#.#
#.......#.....##.#
#.#
#..#####.####.##.#
#.# #..### #.#
##.##.# #.# #....#
#.###...#.#*
#.#######.#.#
#.....#.#..,
###.........#.#
#####...###
#..[..#####.#.# #####
*,
#.###.#####@#.#######
#.* #...J§J.........#
* #,
*#.#####.....###.# *
.......$.<...#
#.###.###.....# , * *
#. ##...## , ,# #####
* , * * , * ,,


You could see 2 large slime creatures.

Vanquished Creatures
  A two-headed ogre (D:10)
  Erica (D:8)
  Lodul (D:10)
  A komodo dragon (D:10)
  A troll (D:10)
  A shadow (D:12)
  A water elemental (D:11)
  2 wraiths
  5 yaks
  2 vampire mosquitoes (D:10)
  2 steam dragons
  An acid dragon (D:9)
  2 water moccasins
  2 ice beasts
  7 orc warriors
  A sky beast (D:7)
  2 centaurs
  6 ogres (D:9)
  A phantom (D:5)
  3 kobold brigands (D:8)
  An elf zombie (D:4)
  2 bullfrogs
  6 scorpions
  10 wights
  5 killer bees
  2 electric eels
  3 howler monkeys
  A centaur zombie (D:4)
  6 hounds
  3 jellies
  2 sleepcaps
  5 orc priests
  A human zombie (D:4)
  Jessica (D:2)
  A human skeleton (D:4)
  4 iguanas
  15 orc wizards
  4 mummies (Ossuary)
  11 gnolls
  4 adders
  A shadow imp (D:5)
  2 white imps
  An ufetubus (D:4)
  An adder zombie (D:4)
  4 worms (D:2)
  5 dart slugs
  50 orcs
  8 ball pythons
  7 endoplasms
  A giant cockroach (D:3)
  2 gnoll zombies (Ossuary)
  6 goblins
  10 hobgoblins
  7 jackals
  4 quokkas
  4 bats
  3 frilled lizards
  2 hobgoblin zombies (Ossuary)
  22 kobolds
  3 kobold zombies (Ossuary)
  3 orc skeletons (D:4)
  An orc zombie (Ossuary)
  4 rats
281 creatures vanquished.

Vanquished Creatures (collateral kills)
  3 foxfires
3 creatures vanquished.

Vanquished Creatures (others)
  2 two-headed ogres (D:11)
  A troll (D:5)
  2 yaks (D:10)
  A vampire mosquito (D:10)
  An orc warrior (D:9)
  A centaur (D:6)
  A gnoll sergeant (D:7)
  2 wights (D:7)
  A killer bee (D:9)
  A gnoll bouda (D:10)
  2 orc wizards (D:8)
  2 gnolls (D:10)
  An orc (D:9)
  973 foxfires
991 creatures vanquished.

Grand Total: 1275 creatures vanquished

Notes
Turn   | Place    | Note
-------+----------+-------------------------------------------
     0 | D:1      | Pimp the Djinni Fire Elementalist began the quest for the
                  | Orb.
     0 | D:1      | Pimp set off with the following spells memorised: Foxfire,
                  | Scorch, Volatile Blastmotes, Inner Flame, Flame Wave.
     0 | D:1      | Reached XP level 1. HP: 15/15 MP: 0/0
    38 | D:1      | Identified 2 scrolls of acquirement
    38 | D:1      | Acquired the amulet "Koluij" {Fly rElec Regen+}
    39 | D:1      | Acquired a manual of Ranged Weapons
    57 | D:1      | Reached XP level 2. HP: 21/21 MP: 0/0
   295 | D:1      | Reached XP level 3. HP: 25/25 MP: 0/0
   295 | D:1      | Learned a level 1 spell: Kiss of Death
   843 | D:2      | Noticed Jessica
   849 | D:2      | Killed Jessica
   850 | D:2      | Reached skill level 1 in Fighting
   850 | D:2      | Reached XP level 4. HP: 33/33 MP: 0/0
   981 | D:2      | Reached skill level 2 in Fighting
  1067 | D:2      | Found an opulent altar of Gozag.
  1216 | D:3      | Reached XP level 5. HP: 38/38 MP: 0/0
  1216 | D:3      | Learned a level 2 spell: Momentum Strike
  1231 | D:3      | Found Liryusam's Magic Scroll Emporium.
  1703 | D:4      | Reached skill level 3 in Fighting
  1703 | D:4      | Reached XP level 6. HP: 29/46 MP: 0/0
  1719 | D:4      | Found a sand-covered staircase.
  1728 | Ossuary  | Entered an ossuary
  1734 | Ossuary  | Gained mutation: You passively dampen the noise of your
                  | surroundings. [potion of mutation]
  1734 | Ossuary  | Gained mutation: You passively map a small area around you.
                  | [potion of mutation]
  1734 | Ossuary  | Gained mutation: You have hidden genetic potential. [potion
                  | of mutation]
  1998 | D:4      | Found a shadowy altar of Dithmenos.
  2065 | D:4      | Found a hazy altar of Hepliaklqana.
  2065 | D:4      | Found a blossoming altar of Fedhas.
  2127 | D:4      | Reached skill level 4 in Fighting
  2131 | D:4      | Reached XP level 7. HP: 52/52 MP: 0/0
  2131 | D:4      | Learned a level 3 spell: Summon Guardian Golem
  2254 | D:4      | Found a basalt altar of Yredelemnul.
  2533 | D:4      | Found Elafyh's Jewellery Emporium.
  2776 | D:5      | Entered Level 5 of the Dungeon
  2807 | D:5      | Reached skill level 5 in Fighting
  2807 | D:5      | Reached skill level 5 in Spellcasting
  2807 | D:5      | Reached skill level 5 in Conjurations
  2807 | D:5      | Reached skill level 5 in Hexes
  2807 | D:5      | Reached skill level 5 in Summonings
  2807 | D:5      | Reached skill level 5 in Necromancy
  2807 | D:5      | Reached skill level 5 in Translocations
  2807 | D:5      | Reached skill level 5 in Transmutations
  2807 | D:5      | Reached skill level 5 in Fire Magic
  2807 | D:5      | Reached skill level 5 in Ice Magic
  2807 | D:5      | Reached skill level 5 in Air Magic
  2807 | D:5      | Reached skill level 5 in Earth Magic
  2807 | D:5      | Reached skill level 5 in Poison Magic
  2831 | D:5      | Reached XP level 8. HP: 43/60 MP: 0/0
  2842 | D:5      | Gained mutation: You have supernaturally acute eyesight.
                  | (SInv) [hidden potential]
  2905 | D:5      | Noticed a troll
  2918 | D:5      | Killed a troll
  2919 | D:5      | Reached skill level 6 in Fighting
  3226 | D:5      | Found a hide-covered altar of Uskayaw.
  3241 | D:5      | Found an ornate altar of the Wu Jian Council.
  3336 | D:5      | Found a staircase to the Ecumenical Temple.
  3353 | Temple   | Entered the Ecumenical Temple
  3423 | Temple   | Became a worshipper of Makhleb the Destroyer
  3759 | D:6      | Reached skill level 7 in Fighting
  3759 | D:6      | Reached XP level 9. HP: 49/68 MP: 0/0
  3759 | D:6      | Learned a level 4 spell: Petrify
  3865 | D:6      | Gained mutation: You are agile. (Dex +4, Str/Int -1)
                  | [hidden potential]
  3865 | D:6      | Lost mutation: You have hidden genetic potential. [hidden
                  | potential expressed]
  4392 | D:6      | Found a runed translucent door.
  4395 | D:6      | Noticed LobsterGuardian's ghost (novice TrNe)
  4445 | D:6      | Reached skill level 8 in Fighting
  4447 | D:6      | Found a runed translucent door.
  4610 | D:7      | Found a white marble altar of Elyvilon.
  4695 | D:7      | Reached * piety under Makhleb
  5391 | D:8      | Reached skill level 9 in Fighting
  5391 | D:8      | Reached XP level 10. HP: 77/78 MP: 0/0
  5507 | D:8      | Reached ** piety under Makhleb
  5632 | D:8      | Found a sparkling altar of Nemelex Xobeh.
  5701 | D:8      | Noticed Erica
  5720 | D:8      | Killed Erica
  5721 | D:8      | Reached skill level 10 in Fighting
  5761 | D:8      | Found a transporter.
  5774 | D:8      | Found a transporter.
  5881 | D:8      | Identified the +3 sling of the Heavens {drain, rElec MP-9
                  | Dex+5 SInv}
  6052 | D:8      | Found a one-way gate to the infinite horrors of the Abyss.
  6081 | D:8      | Noticed snackwell's ghost (novice DjHW)
  6360 | D:9      | Reached *** piety under Makhleb
  6624 | D:9      | Reached XP level 11. HP: 86/86 MP: 0/0
  6624 | D:9      | Learned a level 5 spell: Yara's Violent Unravelling
  6918 | D:9      | Reached skill level 11 in Fighting
  7145 | D:9      | Found a glowing golden altar of the Shining One.
  7243 | D:9      | Found a staircase to the Orcish Mines.
  7349 | D:10     | Entered Level 10 of the Dungeon
  7349 | D:10     | Noticed Lodul
  7408 | D:9      | Reached skill level 10 in Conjurations
  7523 | D:10     | Killed Lodul
  7952 | D:10     | Reached skill level 5 in Dodging
  7958 | D:10     | Noticed a two-headed ogre
  7972 | D:10     | Killed a two-headed ogre
  8004 | D:10     | Found Ylyrgha's Antique Armour Emporium.
  8010 | D:10     | Reached **** piety under Makhleb
  8349 | D:10     | Reached skill level 12 in Fighting
  8608 | D:11     | Noticed a two-headed ogre
  8622 | D:11     | Killed a two-headed ogre
  8776 | D:11     | Found a runed translucent gate.
  8776 | D:11     | Found a runed translucent gate.
  8776 | D:11     | Found a runed translucent gate.
  8777 | D:11     | Found an opulent altar of Gozag.
  8790 | D:11     | Noticed Sobieck's ghost (journeyman DEVM)
  8790 | D:11     | Noticed a stone giant
  8791 | D:11     | Noticed a boulder beetle
  8792 | D:11     | Noticed a wizard
  8850 | D:11     | Noticed a two-headed ogre
  8870 | D:11     | Killed a two-headed ogre
  9009 | D:11     | Reached XP level 12. HP: 95/95 MP: 0/0
  9147 | D:12     | Mangled by a large slime creature

Illustrated notes

Levels and vault maps discovered:
D:1:      dpeg_arrival_long_road, layout_loops_cross, hex_tiny
D:2:      layout_rooms, basic_altar, uniq_jessica
D:3:      layout_rooms, serial_shops, shop, st_stairs_8, grunt_ministairs_10
D:4:      layout_basic, vehumet_crystals, lemuel_zombie_altar_yredelemnul,
          nicolae_dithmenos_shadow_blocks, nicolae_overflow_two_pavilions,
          serial_shops, kennysheep_mini, nicolae_ossuary_entry_catacombs
D:5:      layout_basic, nicolae_uskayaw_suspiria, mainiacjoe_overflow_boulevard,
          minmay_temple_entry_slanted, minmay_manual_monstrance
D:6:      layout_loops_ring, ebering_ghost_sewer_f
D:7:      layout_basic, mainiacjoe_overflow_tiny_flanked
D:8:      corexii_shack_village, layout_rooms, nemelex_spade_bored_becter,
          gammafunk_ghost_abyssal_escape, minmay_manual_mail, uniq_erica
D:9:      layout_loops_ring, tso_oasis_becter, kiku_gazebo_garden_becter,
          erik_orc_2
D:10:     layout_roguey, serial_shops, shop, uniq_lodul
D:11:     layout_rooms, grunt_lair_entry_orc_guard_hut, ebering_ghost_gozag,
          minivault_14
D:12:     layout_loops_ring, portal_ice_cave_entry_pillars_1
Temple:   jpeg_temple_clearing

Skill      XL: |  1  2  3  4  5  6  7  8  9 10 11 |
---------------+----------------------------------+-----
Spellcasting   | 4 5 6 7 8 9 |  9.6
Conjurations   | 4 5 6 7 9 11 | 11.1
Hexes          | 4 5 6 7 8 9 |  9.6
Summonings     | 4 5 6 7 8 9 |  9.6
Necromancy     | 4 5 6 7 8 9 |  9.6
Translocations | 4 5 6 7 8 9 |  9.6
Transmutations | 4 5 6 7 8 9 |  9.6
Fire Magic     | 4 5 6 7 8 9 |  9.6
Ice Magic      | 4 5 6 7 8 9 |  9.6
Air Magic      | 4 5 6 7 8 9 |  9.6
Earth Magic    | 4 5 6 7 8 9 |  9.6
Poison Magic   | 4 5 6 7 8 9 |  9.6
Stealth        | 2 |  2.0
Fighting       | 1 2 3 4 5 7 9 10 12 | 12.3
Dodging        | 6 |  6.8

Action                     |  1- 3 |  4- 6 |  7- 9 | 10-12 || total
---------------------------+-------+-------+-------+-------++-------
  Melee: Unarmed           |     1 |     3 |    22 |     4 ||    30
   Cast: Foxfire           |    92 |   149 |   188 |   201 ||   630
         Scorch            |       |    29 |    79 |   144 ||   252
         Summon Guardian G |       |       |     5 |    23 ||    28
         Inner Flame       |       |       |       |    18 ||    18
         Petrify           |       |       |       |     4 ||     4
         Volatile Blastmot |       |       |       |     7 ||     7
         Flame Wave        |       |       |       |     2 ||     2
    Use: Scroll            |     2 |       |       |    16 ||    18
         Potion            |       |     1 |     1 |     5 ||     7
 Armour: Robe              |     3 |     6 |     9 |       ||    18
         Steam dragon scal |       |       |     5 |    19 ||    24
         Troll leather arm |       |       |       |     6 ||     6
  Dodge: Dodged            |    14 |    19 |   100 |   142 ||   275

Table legend: (Time is in decaauts)
 A = Elapsed time spent in this place.
 B = Non-inter-level travel time spent in this place.
 C = Inter-level travel time spent in this place.
 D = Time resting spent in this place.
 E = Time spent auto-exploring this place.
 F = Levels seen in this place.
 G = Mean time per level.
                   A        B        C        D        E       F      G
               +--------+--------+--------+--------+--------+-----+--------+
         Total |   9159 |   8775 |    384 |   1324 |   4947 |  14 |  654.2 |
       Dungeon |   8865 |   8496 |    369 |   1324 |   4818 |  12 |  738.8 |
        Temple |     87 |     72 |     15 |      0 |     52 |   1 |   87.0 |
       Ossuary |    205 |    205 |      0 |      0 |     77 |   1 |  205.0 |
               +--------+--------+--------+--------+--------+-----+--------+

Top non-repeatable levels by time:
     D:9: 1330 daAuts
    D:10: 1121 daAuts
     D:4: 906 daAuts
     D:5: 888 daAuts
     D:6: 843 daAuts
     D:8: 802 daAuts
     D:7: 761 daAuts
     D:1: 744 daAuts
     D:2: 466 daAuts
     D:3: 451 daAuts
    D:11: 414 daAuts
 Ossuary: 205 daAuts
    D:12: 134 daAuts
  Temple: 87 daAuts
